 Dungeon Crawl Stone Soup version 0.21.1-1-g345015f (webtiles) character file.

681 Fang the Chopper (level 7, -3/44 HPs)
             Began as a Gargoyle Berserker on May 29, 2018.
             Was a Priest of Trog.
             Slain by a mummy (14 damage)
             ... in an ossuary.
             The game lasted 00:04:48 (3628 turns).

Fang the Chopper (Gargoyle Berserker)               Turns: 3628, Time: 00:04:49

Health: -3/44      AC:  9    Str: 22    XL:     7   Next: 61%
Magic:  7/7        EV: 13    Int:  8    God:    Trog [***...]
Gold:   164        SH:  0    Dex:  9    Spells: 6/6 levels left

rFire    . . .     SeeInvis .   a - +0 hand axe
rCold    . . .     Gourm    .   (no shield)
rNeg     + . .     Faith    +   b - +2 animal skin
rPois    ∞         Spirit   .   (no helmet)
rElec    +         Reflect  .   (no cloak)
rCorr    .         Harm     .   (no gloves)
MR       .....                  (no boots)
Stlth    ++........             f - amulet of faith
HPRegen  0.14/turn              g - ring of flight
MPRegen  0.10/turn              (no ring)

@: no status effects
A: negative energy resistance 1, electricity resistance, unbreathing,
petrification resistance, rot immunity, AC +4
a: Berserk, Trog's Hand, Burn Spellbooks, Renounce Religion, Evoke Flight


You were in an ossuary.
You worshipped Trog.
Trog was most pleased with you.
You were near starving.

You visited 1 branch of the dungeon, and saw 4 of its levels.
You also visited: Ossuary.

You collected 164 gold pieces.

Inventory:

Hand Weapons
 a - a +0 hand axe (weapon)
Missiles
 r - 3 javelins (quivered)
Armour
 b - a +2 animal skin (worn)
Jewellery
 f - an amulet of faith (around neck)
 g - a ring of flight (left hand)
Wands
 t - a wand of scattershot (6)
Scrolls
 e - 3 scrolls of identify
 i - a scroll of blinking
Potions
 d - a potion of might
 h - 2 potions of curing {unknown}
 j - 2 potions of mutation {unknown}
 k - a potion of heal wounds
 l - 2 potions of berserk rage
 m - 3 potions of agility
 n - a potion of resistance {unknown}
 o - a potion of flight
 p - a potion of degeneration {unknown}
 q - 2 potions of haste
Comestibles
 c - 10 rations


   Skills:
 + Level 5.0 Fighting
 + Level 5.9 Axes
 + Level 2.5 Armour
 + Level 3.4 Dodging
 + Level 2.0 Stealth


You had 6 spell levels left.
You didn't know any spells.

Dungeon Overview and Level Annotations

Branches:
Dungeon (4/15)
 Temple: D:4-7

Altars:
Ru


Innate Abilities, Weirdness & Mutations

You are resistant to torment.
Your stone body is resilient. (AC +4)
You are immune to poison.
You resist negative energy. (rN+)
You are resistant to electric shocks. (rElec)
You can survive without breathing.
You are immune to petrification.
You are immune to rotting.


Message History

You are too injured to fight recklessly!
You are too injured to fight recklessly!
You are too injured to fight recklessly!
You are too injured to fight recklessly!
You are too injured to fight recklessly!
You are too injured to fight recklessly!
You are too injured to fight recklessly!
You're too hungry.
You barely miss the mummy.
The mummy is moderately damaged.
The mummy closely misses you.
You hit the mummy.
The mummy is heavily damaged.
You hit the mummy but do no damage.
The mummy is heavily damaged.
The mummy closely misses you.
You hit the mummy.
The mummy is severely damaged.
The mummy hits you!
You die...

##### #...# #
#...# #. ##.##
###'### #.#
##.....## ##.+
##.......###..#
#.........#...+
+....⌠..M@'...###
#.........#...'.#
#.......###..###
##.....## ##.+
###'### #.# #.#
#^# ##.## ?!?
#.∩.# !?. #.∩.#
####


You could see a mummy.

Vanquished Creatures
  Eustachio (D:4)
  The ghost of Fang the Chopper, an amateur GrBe of Trog (D:3)
  A phantom (D:4)
  A howler monkey (D:4)
  A hound (D:4)
  An orc priest (D:4)
  An orc wizard (D:4)
  A worker ant (D:4)
  3 mummies (Ossuary)
  A hound skeleton (D:4)
  5 adders
  An ooze (D:4)
  2 worms (D:2)
  A dart slug (D:2)
  6 orcs
  9 bats
  A giant cockroach (D:2)
  14 goblins
  8 hobgoblins
  A quokka (D:3)
  2 ball pythons
  5 frilled lizards
  8 kobolds
  A kobold zombie (Ossuary)
  12 rats
88 creatures vanquished.

Vanquished Creatures (others)
  2 fungi (D:4)
2 creatures vanquished.

Grand Total: 90 creatures vanquished

Notes
Turn   | Place    | Note
-------+----------+-------------------------------------------
     0 | D:1      | Fang the Gargoyle Berserker began the quest for the Orb.
     0 | D:1      | Reached XP level 1. HP: 14/14 MP: 1/1
   156 | D:1      | Reached XP level 2. HP: 12/19 MP: 2/2
   644 | D:2      | Reached ** piety under Trog
   644 | D:2      | Reached XP level 3. HP: 15/24 MP: 3/3
  1498 | D:2      | Reached XP level 4. HP: 12/29 MP: 4/4
  2543 | D:3      | Noticed Fang's ghost (amateur GrBe)
  2550 | D:3      | Killed Fang's ghost
  2550 | D:3      | Reached skill level 1 in Stealth
  2550 | D:3      | Reached XP level 5. HP: 25/33 MP: 5/5
  2716 | D:3      | Reached XP level 6. HP: 38/38 MP: 6/6
  3184 | D:4      | Reached *** piety under Trog
  3243 | D:4      | Found a sacrificial altar of Ru.
  3351 | D:4      | Noticed a phantom
  3352 | D:4      | Found a sand-covered staircase.
  3378 | D:4      | Killed a phantom
  3378 | D:4      | Reached skill level 5 in Axes
  3378 | D:4      | Reached XP level 7. HP: 26/44 MP: 7/7
  3487 | D:4      | Noticed Eustachio
  3500 | D:4      | Killed Eustachio
  3531 | D:4      | Reached skill level 5 in Fighting
  3548 | Ossuary  | Entered an ossuary
  3628 | Ossuary  | Slain by a mummy

Skill      XL: |  1  2  3  4  5  6  7 |
---------------+----------------------+-----
Axes           | 3 4 5 |  5.9
Dodging        | 2 3 |  3.4
Fighting       | 4 5 |  5.0
Stealth        | 1 2 |  2.0
Armour         | |  2.5

Action                   |  1- 3 |  4- 6 |  7- 9 || total
-------------------------+-------+-------+-------++-------
Melee: Hand axe          |   127 |   171 |    52 ||   350
Invok: Berserk           |       |     4 |     1 ||     5
  Use: Scroll            |       |    12 |       ||    12
 Stab: Sleeping          |       |     1 |       ||     1
  Eat: Chunk             |     1 |    10 |     1 ||    12
Armor: Animal skin       |    43 |    63 |    16 ||   122
Dodge: Dodged            |    74 |   113 |    22 ||   209
